Silver Tips vs Colorado
Created - Thursday, March 6, 2025 at 20:48
Goals
|
Silver Tips |
1 |
2 |
1 |
1 |
5 |
Colorado |
0 |
3 |
1 |
0 |
4 |
|
Shots
|
Silver Tips |
6 |
9 |
6 |
1 |
22 |
Colorado |
16 |
14 |
7 |
0 |
37 |
|
1st period
1. Silver Tips , Samuel Fagemo 19 (David Jiricek 30, Juuso Parssinen 21) at 18:56
Penalties :
Juuso Parssinen (EVT) for Holding (Minor) at 0:26, Ryan Sandelin (COL) for Slashing (Double Minor) at 3:52, Caleb Jones (EVT) for Cross-checking (Minor) at 8:44, Caleb Jones (EVT) for Tripping (Minor) at 12:57, Brayden Pachal (COL) for Hooking (Minor) at 16:01, Dylan Holloway (EVT) for Hooking (Minor) at 16:01, Brayden Pachal (COL) for Tripping (Minor) at 18:06, Adam Cracknell (EVT) for Roughing (Minor) at 18:06
2nd period
2. Colorado , John Stevens 21 (Michael Callahan 26, Taro Hirose 43) at 0:21
3. Silver Tips , Samuel Fagemo 20 (Chase De Leo 15, Caleb Jones 33) at 8:12
4. Colorado , Brandon Biro 26 (Pavol Regenda 42, Dmitri Voronkov 47) at 10:17 (PP)
5. Colorado , Ryan Sandelin 16 (Taro Hirose 44, John Stevens 44) at 10:27
6. Silver Tips , Yegor Zamula 11 (Raphael Lavoie 21, Samuel Fagemo 23) at 17:27
Penalties :
Caleb Jones (EVT) for Tripping (Minor) at 10:13, John Stevens (COL) for Hooking (Minor) at 17:31
3rd period
7. Colorado , Brayden Pachal 6 (Brandon Biro 35) at 11:45 (PP)
8. Silver Tips , Kailer Yamamoto 25 (Adam Cracknell 11) at 17:52
Penalties :
Kailer Yamamoto (EVT) for Holding (Minor) at 5:49, Raphael Lavoie (EVT) for High sticking (Double Minor) at 8:27, Ryan Sandelin (COL) for Tripping (Minor) at 12:35, Brayden Pachal (COL) for Tripping (Minor) at 14:55
Overtime #1
9. Silver Tips , Elmer Soderblom 15 (Yegor Zamula 20, Raphael Lavoie 22) at 3:24
Penalties :
No Penalty
Goalie Stats
Joel Hofer (EVT), 33 saves from 37 shots - (0.892), W, 42-10-2, 63:25 minutes
Henrik Tikkanen (COL), 17 saves from 22 shots - (0.773), OTL, 18-13-2, 63:25 minutes
Players Stats for Silver Tips
Player Name G A P +/- PIM S H SB GA TA FO MP PP MP PK MP
------------------------------------------------------------------------------------
Adam Cracknell 0 1 1 -1 2 0 0 0 0 0 1/3 11:55 1:08 1:38
Brock McGinn 0 0 0 0 0 1 1 1 0 0 1/1 20:15 3:53 4:02
Caleb Jones 0 1 1 2 6 1 4 3 0 0 0/0 19:59 3:31 3:33
Chase De Leo 0 1 1 2 0 0 0 0 0 0 6/6 13:50 0:44 0:28
David Jiricek 0 1 1 1 0 1 1 0 0 0 0/0 15:45 0:56 1:02
Dylan Holloway 0 0 0 0 2 0 2 0 0 0 12/36 20:45 4:05 5:43
Elmer Soderblom 1 0 1 1 0 2 3 0 0 0 0/0 14:49 4:05 0:00
Erik Gustafsson 0 0 0 -1 0 1 2 1 0 0 0/0 25:24 5:29 5:42
Jeremy Davies 0 0 0 0 0 1 5 1 0 0 0/0 16:49 0:34 1:51
Juuso Parssinen 0 1 1 1 2 0 2 0 0 0 3/16 20:02 5:29 4:44
Kailer Yamamoto 1 0 1 -1 2 5 1 0 0 0 2/8 22:57 4:55 3:23
Marc Staal 0 0 0 0 0 0 2 2 0 0 0/0 24:00 5:17 5:03
Nathan Todd 0 0 0 -1 0 3 3 0 0 0 5/7 12:16 0:00 0:00
Patrick Maroon 0 0 0 0 0 0 0 0 0 0 0/0 0:12 0:00 0:12
Raphael Lavoie 0 2 2 3 4 1 0 0 0 0 9/17 17:18 0:22 2:26
Rem Pitlick 0 0 0 0 0 0 0 0 0 0 0/0 0:00 0:00 0:00
Samuel Fagemo 2 1 3 3 0 4 3 0 0 0 1/3 17:10 5:07 0:00
Yegor Zamula 1 1 2 3 0 2 1 3 0 0 0/0 21:25 4:05 5:25
Players Stats for Colorado
Player Name G A P +/- PIM S H SB GA TA FO MP PP MP PK MP
------------------------------------------------------------------------------------
Axel Jonsson-Fjallby 0 0 0 0 0 0 0 0 0 0 0/0 8:31 0:11 0:16
Brandon Biro 1 1 2 -2 0 1 1 0 0 0 4/9 22:02 5:06 3:12
Brayden Pachal 1 0 1 0 6 3 3 0 0 0 0/0 12:54 0:27 0:00
Colton Young 0 0 0 0 0 0 0 0 0 0 0/0 0:00 0:00 0:00
Cooper Walker 0 0 0 -2 0 1 0 0 0 0 2/5 7:36 0:00 0:00
Dmitri Voronkov 0 1 1 0 0 4 3 0 0 0 28/37 24:42 4:55 5:48
Eetu Liukas 0 0 0 -2 0 1 1 1 0 0 1/3 7:36 0:00 0:00
Ethan Samson 0 0 0 1 0 0 1 2 0 0 0/0 22:07 5:51 5:11
Filip Cederqvist 0 0 0 -2 0 2 0 1 0 0 0/1 16:49 0:00 1:35
Jett Jones 0 0 0 0 0 0 3 0 0 0 9/12 8:04 0:00 0:00
John Stevens 1 1 2 1 2 3 4 0 0 0 11/26 16:20 6:12 0:28
Kim Nousiainen 0 0 0 0 0 1 0 0 0 0 0/0 13:20 0:27 0:23
Maxwell Crozier 0 0 0 -4 0 1 3 0 0 0 0/0 25:34 5:00 4:22
Michael Callahan 0 1 1 1 0 2 2 3 0 0 0/0 23:11 5:51 5:15
Pavol Regenda 0 1 1 0 0 8 1 0 0 0 0/1 24:45 5:06 5:40
Ryan Sandelin 1 0 1 1 6 3 1 0 0 0 1/1 15:51 6:12 0:00
Ryan Shea 0 0 0 -3 0 1 0 1 0 0 0/0 25:57 5:00 4:22
Taro Hirose 0 2 2 -1 0 6 2 0 0 0 1/2 20:56 6:12 3:12
3 Stars
1 - Samuel Fagemo (EVT)
2 - Yegor Zamula (EVT)
3 - John Stevens (COL)
Power Play
Silver Tips - 0 on 5 Attempt(s) - 0.00%
Colorado - 2 on 7 Attempt(s) - 28.57%
Penalty Kill
Silver Tips - 5 on 7 Attempt(s) - 71.43%
- Score 0 goal in Penalty Kill
Colorado - 5 on 5 Attempt(s) - 100.00%
- Score 0 goal in Penalty Kill
Team Stat
Silver Tips - Hits : 30 - Faceoff Wins : 40 - Blocked Shots : 11 - Penalty Minutes : 18
Colorado - Hits : 25 - Faceoff Wins : 57 - Blocked Shots : 8 - Penalty Minutes : 14
Official
Referees : Kelly Sutherland and Trevor Hanson
Linesman : Matt MacPherson and Jonathan Deschamps
Game Notes
No Game Note
Finance
Level 1 -- Attendance: 1753 (87.65%) -- Ticket Income $61,355
Level 2 -- Attendance: 927 (92.70%) -- Ticket Income $13,905
Total Attendance: 2680 (89.33%)
Total Ticket Income: $75,260
Other Income: $36,877
Total Income: $112,137
Silver Tips
5 vs 5 Forward
Center Left Wing Right Wing Time % Phy DF OF
1 Juuso Parssinen Nathan Todd Kailer Yamamoto 25 1 2 2
2 Dylan Holloway Elmer Soderblom Brock McGinn 25 1 2 2
3 Raphael Lavoie Chase De Leo Samuel Fagemo 25 1 2 2
4 Nathan Todd Kailer Yamamoto Adam Cracknell 25 1 2 2
5 vs 5 Defense
Defense Defense Time % Phy DF OF
1 Erik Gustafsson Marc Staal 25 1 2 2
2 Caleb Jones Yegor Zamula 25 1 2 2
3 David Jiricek Jeremy Davies 25 1 2 2
4 Erik Gustafsson Marc Staal 25 1 2 2
PowerPlay Forward
Center Left Wing Right Wing Time % Phy DF OF
1 Juuso Parssinen Samuel Fagemo Kailer Yamamoto 60 1 2 2
2 Dylan Holloway Elmer Soderblom Brock McGinn 40 1 2 2
PowerPlay Defense
Defense Defense Time % Phy DF OF
1 Erik Gustafsson Marc Staal 60 1 2 2
2 Caleb Jones Yegor Zamula 40 1 2 2
Penalty Kill 4 Players Forward
Center Wing Time % Phy DF OF
1 Dylan Holloway Juuso Parssinen 60 1 2 2
2 Kailer Yamamoto Brock McGinn 40 1 2 2
Penalty Kill 4 Players Defense
Defense Defense Time % Phy DF OF
1 Erik Gustafsson Marc Staal 60 1 2 2
2 Caleb Jones Yegor Zamula 40 1 2 2
Penalty Kill - 3 Players Forward
Forward Time % Phy DF OF
1 Kailer Yamamoto 60 1 2 2
2 Juuso Parssinen 40 1 2 2
Penalty Kill - 3 Players Defense
Defense Defense Time % Phy DF OF
1 Erik Gustafsson Marc Staal 60 1 2 2
2 Caleb Jones Yegor Zamula 40 1 2 2
4 vs 4 Forward
Center Wing Time % Phy DF OF
1 Raphael Lavoie Juuso Parssinen 60 1 2 2
2 Kailer Yamamoto Brock McGinn 40 1 2 2
4 vs 4 Defense
Defense Defense Time % Phy DF OF
1 Erik Gustafsson Marc Staal 60 1 2 2
2 Caleb Jones Yegor Zamula 40 1 2 2
Last Minutes Offensive
Center Left Wing Right Wing Defense Defense
Juuso Parssinen Brock McGinn Kailer Yamamoto Erik Gustafsson Marc Staal
Last Minutes Defensive
Center Left Wing Right Wing Defense Defense
Juuso Parssinen Brock McGinn Kailer Yamamoto Erik Gustafsson Marc Staal
Goaltenders
Starting : Joel Hofer
Backup : Sebastian Cossa
Extra Forwards
Normal : Juuso Parssinen, Samuel Fagemo, Raphael Lavoie - PP : Juuso Parssinen, Samuel Fagemo - PK : Raphael Lavoie
Extra Defensemen
Normal : David Jiricek, Jeremy Davies, Caleb Jones - PP : David Jiricek - PK : Jeremy Davies, Caleb Jones
Penalty Shots
Samuel Fagemo, Juuso Parssinen, Kailer Yamamoto, Brock McGinn, Dylan Holloway
Custom OT Lines Forwards
Adam Cracknell, Juuso Parssinen, Kailer Yamamoto, Brock McGinn, Dylan Holloway, Samuel Fagemo, Raphael Lavoie, Elmer Soderblom, Nathan Todd, Chase De Leo
Custom OT Lines Defensemen
Erik Gustafsson, Marc Staal, Caleb Jones, Yegor Zamula, David Jiricek
Scratches
Santtu Kinnunen (Healthy), Adam Ginning (Healthy), Henri Nikkanen (Healthy), William Trudeau (Healthy), Brendan Perlini (Healthy)
Tyce Thompson (Healthy), Mikael Pyyhtia (Healthy), Olle Lycksell (Healthy), Hayden Hodgson (Healthy), Adam Edstrom (Healthy)
Navrin Mutter (Healthy), Zack Ostapchuk (Healthy), Aku Raty (Healthy), Gustav Olofsson (Healthy), Alexander Kisakov (Healthy)
Maximus Wanner (Healthy), Andre Lee (Healthy), Carter Savoie (Healthy), Jeremy McKenna (Healthy), Ryan Hofer (Healthy)
Blade Jenkins (Healthy), Riley Sawchuk (Healthy), Judd Caulfield (Healthy), Tarun Fizer (Healthy), Jake Wise (Healthy)
Mitch Reinke (Healthy), Rourke Chartier (Healthy), Mike O'Leary (Healthy), Joel Teasdale (Healthy), Tate Singleton (Healthy)
Joseph Cecconi (Healthy), Peter DiLiberatore (Healthy), Leevi Merilainen (Healthy), Vadim Zherenko (Healthy), Remi Poirier (Healthy)
Colten Ellis (Healthy), Dustin Wolf (Healthy)
Colorado
5 vs 5 Forward
Center Left Wing Right Wing Time % Phy DF OF
1 Dmitri Voronkov Brandon Biro Pavol Regenda 25 1 2 2
2 John Stevens Taro Hirose Ryan Sandelin 25 1 2 2
3 Jett Jones Axel Jonsson-Fjallby Filip Cederqvist 25 1 2 2
4 Cooper Walker Eetu Liukas Filip Cederqvist 25 1 2 2
5 vs 5 Defense
Defense Defense Time % Phy DF OF
1 Ryan Shea Maxwell Crozier 25 1 2 2
2 Michael Callahan Ethan Samson 25 1 2 2
3 Kim Nousiainen Brayden Pachal 25 1 2 2
4 Ryan Shea Maxwell Crozier 25 1 2 2
PowerPlay Forward
Center Left Wing Right Wing Time % Phy DF OF
1 Dmitri Voronkov Brandon Biro Pavol Regenda 60 1 2 2
2 John Stevens Taro Hirose Ryan Sandelin 40 1 2 2
PowerPlay Defense
Defense Defense Time % Phy DF OF
1 Ryan Shea Maxwell Crozier 60 1 2 2
2 Michael Callahan Ethan Samson 40 1 2 2
Penalty Kill 4 Players Forward
Center Wing Time % Phy DF OF
1 Dmitri Voronkov Pavol Regenda 60 1 2 2
2 Brandon Biro Taro Hirose 40 1 2 2
Penalty Kill 4 Players Defense
Defense Defense Time % Phy DF OF
1 Ryan Shea Maxwell Crozier 60 1 2 2
2 Michael Callahan Ethan Samson 40 1 2 2
Penalty Kill - 3 Players Forward
Forward Time % Phy DF OF
1 Dmitri Voronkov 60 1 2 2
2 Pavol Regenda 40 1 2 2
Penalty Kill - 3 Players Defense
Defense Defense Time % Phy DF OF
1 Ryan Shea Maxwell Crozier 60 1 2 2
2 Michael Callahan Ethan Samson 40 1 2 2
4 vs 4 Forward
Center Wing Time % Phy DF OF
1 Dmitri Voronkov Pavol Regenda 60 1 2 2
2 Brandon Biro Taro Hirose 40 1 2 2
4 vs 4 Defense
Defense Defense Time % Phy DF OF
1 Ryan Shea Maxwell Crozier 60 1 2 2
2 Michael Callahan Ethan Samson 40 1 2 2
Last Minutes Offensive
Center Left Wing Right Wing Defense Defense
Dmitri Voronkov Brandon Biro Pavol Regenda Ryan Shea Maxwell Crozier
Last Minutes Defensive
Center Left Wing Right Wing Defense Defense
Dmitri Voronkov Brandon Biro Pavol Regenda Ryan Shea Maxwell Crozier
Goaltenders
Starting : Henrik Tikkanen
Backup : Evan Fitzpatrick
Extra Forwards
Normal : Axel Jonsson-Fjallby, Jett Jones, Filip Cederqvist - PP : Axel Jonsson-Fjallby, Jett Jones - PK : Filip Cederqvist
Extra Defensemen
Normal : Kim Nousiainen, Ryan Shea, Michael Callahan - PP : Kim Nousiainen - PK : Maxwell Crozier, Michael Callahan
Penalty Shots
Dmitri Voronkov, Pavol Regenda, Brandon Biro, Taro Hirose, John Stevens
Custom OT Lines Forwards
Dmitri Voronkov, Pavol Regenda, Brandon Biro, Taro Hirose, John Stevens, Ryan Sandelin, Jett Jones, Filip Cederqvist, Eetu Liukas, Axel Jonsson-Fjallby
Custom OT Lines Defensemen
Ryan Shea, Maxwell Crozier, Michael Callahan, Ethan Samson, Kim Nousiainen
Scratches
Farm Player 101 (Healthy), Reece Newkirk (Healthy), Louis Domingue (Healthy), Eetu Makiniemi (Healthy)
% Time on Ice - Silver Tips
Lines # - Real PCT - Wanted PCT - Time Play
Normal Forward
1 - 17% - 25% - 6:04
2 - 30% - 25% - 10:22
3 - 35% - 25% - 12:10
4 - 18% - 25% - 6:12
Normal Defense
1 - 15% - 25% - 5:13
2 - 30% - 25% - 10:34
3 - 39% - 25% - 13:35
4 - 16% - 25% - 5:26
PP Forward
1 - 59% - 60% - 5:51
2 - 41% - 40% - 4:05
PP Defense
1 - 59% - 60% - 5:51
2 - 41% - 40% - 4:05
PK Forward
1 - 64% - 60% - 7:16
2 - 36% - 40% - 4:02
PK Defense
1 - 47% - 60% - 5:18
2 - 53% - 40% - 6:00
PK3 Forward
1 - 0% - 60%
2 - 0% - 40%
PK3 Defense
1 - 0% - 60%
2 - 0% - 40%
44 Forward
1 - 66% - 60% - 2:38
2 - 34% - 40% - 1:20
44 Defense
1 - 55% - 60% - 2:10
2 - 45% - 40% - 1:48
Last Minute Offensive - 0:00
Last Minute Defensive - 0:00
Total
Forward - 60:00
Defense - 60:00
|
% Time on Ice - Colorado
Lines # - Real PCT - Wanted PCT - Time Play
Normal Forward
1 - 31% - 25% - 10:53
2 - 25% - 25% - 8:41
3 - 22% - 25% - 7:38
4 - 22% - 25% - 7:36
Normal Defense
1 - 19% - 25% - 6:41
2 - 27% - 25% - 9:29
3 - 36% - 25% - 12:30
4 - 18% - 25% - 6:08
PP Forward
1 - 45% - 60% - 5:06
2 - 55% - 40% - 6:12
PP Defense
1 - 48% - 60% - 5:27
2 - 52% - 40% - 5:51
PK Forward
1 - 68% - 60% - 6:44
2 - 32% - 40% - 3:12
PK Defense
1 - 47% - 60% - 4:41
2 - 53% - 40% - 5:15
PK3 Forward
1 - 0% - 60%
2 - 0% - 40%
PK3 Defense
1 - 0% - 60%
2 - 0% - 40%
44 Forward
1 - 54% - 60% - 2:08
2 - 46% - 40% - 1:50
44 Defense
1 - 60% - 60% - 2:22
2 - 40% - 40% - 1:36
Last Minute Offensive - 0:00
Last Minute Defensive - 0:00
Total
Forward - 60:00
Defense - 60:00
|
Play-by-Play
1st period
0:01 of 1st period - Dmitri Voronkov wins face-off versus Juuso Parssinen in neutral zone.
0:01 of 1st period - Brandon Biro is hit by Juuso Parssinen and loses puck.
0:10 of 1st period - Nathan Todd is hit by Dmitri Voronkov and loses puck.
0:21 of 1st period - Shot by Dmitri Voronkov.
0:21 of 1st period - Stopped by Joel Hofer with a rebound.
0:26 of 1st period - Minor Penalty to Juuso Parssinen for Holding.
0:27 of 1st period - Dylan Holloway wins face-off versus John Stevens in Silver Tips zone.
0:55 of 1st period - Off-side.
0:56 of 1st period - Dmitri Voronkov wins face-off versus Kailer Yamamoto in neutral zone.
1:06 of 1st period - Icing by Ryan Shea.
1:07 of 1st period - Dmitri Voronkov wins face-off versus Kailer Yamamoto in Colorado zone.
1:40 of 1st period - Shot by Dmitri Voronkov.
1:40 of 1st period - Shot Misses the Net.
1:59 of 1st period - Icing by Taro Hirose.
2:00 of 1st period - Dylan Holloway wins face-off versus John Stevens in Colorado zone.
2:33 of 1st period - Shot by Kim Nousiainen.
2:33 of 1st period - Stopped by Joel Hofer without a rebound.
2:34 of 1st period - Chase De Leo wins face-off versus Cooper Walker in Silver Tips zone.
2:43 of 1st period - Shot by David Jiricek.
2:43 of 1st period - Shot Blocked by Eetu Liukas.
2:54 of 1st period - Eetu Liukas is hit by Jeremy Davies and loses puck.
3:00 of 1st period - Eetu Liukas is hit by David Jiricek and loses puck.
3:05 of 1st period - Shot by Filip Cederqvist.
3:05 of 1st period - Shot Misses the Net.
3:10 of 1st period - Eetu Liukas is hit by Jeremy Davies and loses puck.
3:18 of 1st period - Icing by David Jiricek.
3:19 of 1st period - Raphael Lavoie wins face-off versus John Stevens in Silver Tips zone.
3:19 of 1st period - Raphael Lavoie is hit by John Stevens.
3:51 of 1st period - Shot by Taro Hirose.
3:51 of 1st period - Shot Blocked by Caleb Jones.
3:52 of 1st period - Double Minor Penalty to Ryan Sandelin for Slashing.
3:53 of 1st period - Dmitri Voronkov wins face-off versus Juuso Parssinen in Colorado zone.
4:24 of 1st period - Pavol Regenda is hit by Juuso Parssinen and loses puck.
4:34 of 1st period - Dmitri Voronkov is hit by Caleb Jones and loses puck.
4:55 of 1st period - Shot by Yegor Zamula.
4:55 of 1st period - Shot Blocked by Michael Callahan.
4:57 of 1st period - Shot by Yegor Zamula.
4:57 of 1st period - Shot Blocked by Michael Callahan.
4:59 of 1st period - Shot by Yegor Zamula.
4:59 of 1st period - Shot Misses the Net.
5:01 of 1st period - Shot by Yegor Zamula.
5:01 of 1st period - Stopped by Henrik Tikkanen without a rebound.
5:02 of 1st period - Juuso Parssinen wins face-off versus Brandon Biro in Colorado zone.
5:23 of 1st period - Shot by Erik Gustafsson.
5:23 of 1st period - Stopped by Henrik Tikkanen without a rebound.
5:24 of 1st period - Dylan Holloway wins face-off versus Brandon Biro in Colorado zone.
5:27 of 1st period - Shot by Brock McGinn.
5:27 of 1st period - Shot Misses the Net.
6:05 of 1st period - Icing by Kailer Yamamoto.
6:06 of 1st period - Dmitri Voronkov wins face-off versus Juuso Parssinen in Silver Tips zone.
6:11 of 1st period - Icing by Marc Staal.
6:12 of 1st period - Dmitri Voronkov wins face-off versus Juuso Parssinen in Silver Tips zone.
6:21 of 1st period - Shot by Dmitri Voronkov.
6:21 of 1st period - Shot Misses the Net.
6:23 of 1st period - Shot by Pavol Regenda.
6:23 of 1st period - Stopped by Joel Hofer with a rebound.
6:27 of 1st period - Shot by Dmitri Voronkov.
6:27 of 1st period - Shot Blocked by Marc Staal.
6:29 of 1st period - Shot by Dmitri Voronkov.
6:29 of 1st period - Stopped by Joel Hofer without a rebound.
6:30 of 1st period - Dmitri Voronkov wins face-off versus Dylan Holloway in Silver Tips zone.
6:31 of 1st period - Shot by Pavol Regenda.
6:31 of 1st period - Shot Misses the Net.
6:40 of 1st period - Off-side.
6:41 of 1st period - Juuso Parssinen wins face-off versus Brandon Biro in neutral zone.
7:15 of 1st period - Icing by Erik Gustafsson.
7:16 of 1st period - Dmitri Voronkov wins face-off versus Juuso Parssinen in Silver Tips zone.
8:30 of 1st period - Shot by Jeremy Davies.
8:30 of 1st period - Stopped by Henrik Tikkanen without a rebound.
8:31 of 1st period - John Stevens wins face-off versus Dylan Holloway in Colorado zone.
8:36 of 1st period - Shot by Taro Hirose.
8:36 of 1st period - Stopped by Joel Hofer without a rebound.
8:37 of 1st period - John Stevens wins face-off versus Dylan Holloway in Silver Tips zone.
8:37 of 1st period - John Stevens is hit by Yegor Zamula.
8:44 of 1st period - Minor Penalty to Caleb Jones for Cross-checking.
8:45 of 1st period - Taro Hirose wins face-off versus Dylan Holloway in Silver Tips zone.
8:50 of 1st period - Shot by Maxwell Crozier.
8:50 of 1st period - Shot Blocked by Yegor Zamula.
8:58 of 1st period - Shot by Maxwell Crozier.
8:58 of 1st period - Shot Blocked by Yegor Zamula.
9:00 of 1st period - Shot by John Stevens.
9:00 of 1st period - Stopped by Joel Hofer without a rebound.
9:01 of 1st period - Dylan Holloway wins face-off versus Dmitri Voronkov in Silver Tips zone.
9:32 of 1st period - Shot by Michael Callahan.
9:32 of 1st period - Shot Misses the Net.
10:07 of 1st period - Icing by Ryan Sandelin.
10:08 of 1st period - Dylan Holloway wins face-off versus John Stevens in Colorado zone.
10:45 of 1st period - Shot by Dmitri Voronkov.
10:45 of 1st period - Stopped by Joel Hofer with a rebound.
10:47 of 1st period - Shot by Cooper Walker.
10:47 of 1st period - Stopped by Joel Hofer without a rebound.
10:48 of 1st period - Raphael Lavoie wins face-off versus Filip Cederqvist in Silver Tips zone.
10:54 of 1st period - Brayden Pachal is hit by Samuel Fagemo and loses puck.
11:00 of 1st period - Icing by Brayden Pachal.
11:01 of 1st period - Nathan Todd wins face-off versus Eetu Liukas in Colorado zone.
11:04 of 1st period - Shot by Nathan Todd.
11:04 of 1st period - Shot Misses the Net.
11:09 of 1st period - Filip Cederqvist is hit by Nathan Todd and loses puck.
11:17 of 1st period - Off-side.
11:18 of 1st period - Chase De Leo wins face-off versus Dmitri Voronkov in neutral zone.
11:25 of 1st period - Shot by Dmitri Voronkov.
11:25 of 1st period - Stopped by Joel Hofer without a rebound.
11:26 of 1st period - Nathan Todd wins face-off versus John Stevens in Silver Tips zone.
11:26 of 1st period - Nathan Todd is hit by John Stevens.
11:29 of 1st period - Yegor Zamula is hit by Ryan Sandelin and loses puck.
11:47 of 1st period - Shot by Ryan Sandelin.
11:47 of 1st period - Stopped by Joel Hofer without a rebound.
11:48 of 1st period - Brock McGinn wins face-off versus Dmitri Voronkov in Silver Tips zone.
11:53 of 1st period - Marc Staal is hit by Brandon Biro and loses puck.
12:04 of 1st period - Shot by Pavol Regenda.
12:04 of 1st period - Stopped by Joel Hofer without a rebound.
12:05 of 1st period - Jett Jones wins face-off versus Juuso Parssinen in Silver Tips zone.
12:05 of 1st period - Ryan Shea is hit by Caleb Jones and loses puck.
12:57 of 1st period - Minor Penalty to Caleb Jones for Tripping.
12:58 of 1st period - Ryan Sandelin wins face-off versus Dylan Holloway in Silver Tips zone.
13:33 of 1st period - Shot by Ryan Sandelin.
13:33 of 1st period - Shot Misses the Net.
14:12 of 1st period - Brock McGinn is hit by Pavol Regenda and loses puck.
15:12 of 1st period - Icing by Raphael Lavoie.
15:13 of 1st period - Chase De Leo wins face-off versus Jett Jones in Silver Tips zone.
15:13 of 1st period - Chase De Leo is hit by Jett Jones.
15:16 of 1st period - Samuel Fagemo is hit by Jett Jones.
15:29 of 1st period - Samuel Fagemo is hit by Brayden Pachal and loses puck.
16:01 of 1st period - Minor Penalty to Brayden Pachal for Hooking.
16:01 of 1st period - Minor Penalty to Dylan Holloway for Hooking.
16:02 of 1st period - Dmitri Voronkov wins face-off versus Raphael Lavoie in Colorado zone.
17:30 of 1st period - Shot by Dmitri Voronkov.
17:30 of 1st period - Shot Misses the Net.
17:32 of 1st period - Shot by Pavol Regenda.
17:32 of 1st period - Stopped by Joel Hofer with a rebound.
17:34 of 1st period - Shot by Pavol Regenda.
17:34 of 1st period - Stopped by Joel Hofer without a rebound.
17:35 of 1st period - Kailer Yamamoto wins face-off versus Jett Jones in Silver Tips zone.
18:05 of 1st period - Shot by Nathan Todd.
18:05 of 1st period - Stopped by Henrik Tikkanen with a rebound.
18:06 of 1st period - Minor Penalty to Brayden Pachal for Tripping.
18:06 of 1st period - Minor Penalty to Adam Cracknell for Roughing.
18:07 of 1st period - Dmitri Voronkov wins face-off versus Kailer Yamamoto in Colorado zone.
18:16 of 1st period - Shot by Pavol Regenda.
18:16 of 1st period - Stopped by Joel Hofer without a rebound.
18:17 of 1st period - Chase De Leo wins face-off versus Dmitri Voronkov in Silver Tips zone.
18:23 of 1st period - Samuel Fagemo is hit by Ethan Samson and loses puck.
18:38 of 1st period - Shot by Dmitri Voronkov.
18:38 of 1st period - Shot Blocked by Caleb Jones.
18:40 of 1st period - Shot by Ethan Samson.
18:40 of 1st period - Shot Misses the Net.
18:42 of 1st period - Shot by Pavol Regenda.
18:42 of 1st period - Shot Blocked by Yegor Zamula.
18:44 of 1st period - Shot by Pavol Regenda.
18:44 of 1st period - Stopped by Joel Hofer without a rebound.
18:45 of 1st period - Brandon Biro wins face-off versus Samuel Fagemo in Silver Tips zone.
18:50 of 1st period - Shot by Taro Hirose.
18:50 of 1st period - Stopped by Joel Hofer with a rebound.
18:56 of 1st period - Shot by David Jiricek.
18:56 of 1st period - Deflect By Samuel Fagemo.
18:56 of 1st period - Goal by Samuel Fagemo - Silver Tips : 1 - Colorado : 0.
18:57 of 1st period - Brandon Biro wins face-off versus Raphael Lavoie in neutral zone.
19:46 of 1st period - Shot by Kailer Yamamoto.
19:46 of 1st period - Stopped by Henrik Tikkanen with a rebound.
Goals for this period are 1 for Silver Tips vs 0 for Colorado.
Shots for this period are 6 for Silver Tips vs 16 for Colorado.
2nd period
0:01 of 2nd period - Raphael Lavoie wins face-off versus Dmitri Voronkov in neutral zone.
0:09 of 2nd period - Icing by Ethan Samson.
0:10 of 2nd period - John Stevens wins face-off versus Kailer Yamamoto in Colorado zone.
0:21 of 2nd period - Shot by John Stevens.
0:21 of 2nd period - Goal by John Stevens - Silver Tips : 1 - Colorado : 1.
0:22 of 2nd period - Dmitri Voronkov wins face-off versus Dylan Holloway in neutral zone.
0:56 of 2nd period - David Jiricek is hit by Maxwell Crozier and loses puck.
1:51 of 2nd period - Icing by Marc Staal.
1:52 of 2nd period - Cooper Walker wins face-off versus Adam Cracknell in Silver Tips zone.
2:17 of 2nd period - Shot by Eetu Liukas.
2:17 of 2nd period - Stopped by Joel Hofer without a rebound.
2:18 of 2nd period - Jett Jones wins face-off versus Raphael Lavoie in Silver Tips zone.
2:29 of 2nd period - Samuel Fagemo is hit by Jett Jones and loses puck.
2:34 of 2nd period - Shot by Samuel Fagemo.
2:34 of 2nd period - Shot Blocked by Ryan Shea.
2:36 of 2nd period - Shot by Yegor Zamula.
2:36 of 2nd period - Shot Misses the Net.
2:43 of 2nd period - Samuel Fagemo is hit by Maxwell Crozier and loses puck.
2:55 of 2nd period - Off-side.
2:56 of 2nd period - Dmitri Voronkov wins face-off versus Dylan Holloway in neutral zone.
3:14 of 2nd period - Icing by David Jiricek.
3:15 of 2nd period - John Stevens wins face-off versus Dylan Holloway in Silver Tips zone.
3:15 of 2nd period - Brayden Pachal is hit by Jeremy Davies.
3:26 of 2nd period - David Jiricek is hit by Brayden Pachal.
3:29 of 2nd period - Icing by Kim Nousiainen.
3:30 of 2nd period - Chase De Leo wins face-off versus John Stevens in Colorado zone.
3:42 of 2nd period - Taro Hirose is hit by Samuel Fagemo.
5:36 of 2nd period - Off-side.
5:37 of 2nd period - Dylan Holloway wins face-off versus John Stevens in neutral zone.
5:44 of 2nd period - Shot by Elmer Soderblom.
5:44 of 2nd period - Stopped by Henrik Tikkanen without a rebound.
5:45 of 2nd period - Jett Jones wins face-off versus Dylan Holloway in Colorado zone.
5:45 of 2nd period - Jett Jones is hit by Brock McGinn.
6:13 of 2nd period - Maxwell Crozier is hit by Dylan Holloway.
6:14 of 2nd period - Off-side.
6:15 of 2nd period - Raphael Lavoie wins face-off versus Dmitri Voronkov in neutral zone.
6:44 of 2nd period - Dmitri Voronkov is hit by Caleb Jones and loses puck.
6:51 of 2nd period - Shot by Pavol Regenda.
6:51 of 2nd period - Stopped by Joel Hofer without a rebound.
6:52 of 2nd period - John Stevens wins face-off versus Juuso Parssinen in Silver Tips zone.
6:52 of 2nd period - Brayden Pachal is hit by Marc Staal and loses puck.
7:08 of 2nd period - Icing by Juuso Parssinen.
7:09 of 2nd period - Eetu Liukas wins face-off versus Juuso Parssinen in Silver Tips zone.
7:20 of 2nd period - Shot by Filip Cederqvist.
7:20 of 2nd period - Stopped by Joel Hofer with a rebound.
7:54 of 2nd period - Shot by Brock McGinn.
7:54 of 2nd period - Shot Misses the Net.
7:56 of 2nd period - Shot by David Jiricek.
7:56 of 2nd period - Stopped by Henrik Tikkanen without a rebound.
7:57 of 2nd period - Raphael Lavoie wins face-off versus John Stevens in Colorado zone.
8:12 of 2nd period - Shot by Samuel Fagemo.
8:12 of 2nd period - Goal by Samuel Fagemo - Silver Tips : 2 - Colorado : 1.
8:13 of 2nd period - Dmitri Voronkov wins face-off versus Dylan Holloway in neutral zone.
8:22 of 2nd period - Shot by Pavol Regenda.
8:22 of 2nd period - Shot Misses the Net.
8:26 of 2nd period - Shot by Dmitri Voronkov.
8:26 of 2nd period - Shot Misses the Net.
8:28 of 2nd period - Shot by Pavol Regenda.
8:28 of 2nd period - Shot Misses the Net.
8:32 of 2nd period - Shot by Dmitri Voronkov.
8:32 of 2nd period - Shot Misses the Net.
8:34 of 2nd period - Shot by Brayden Pachal.
8:34 of 2nd period - Shot Misses the Net.
8:50 of 2nd period - Shot by Brandon Biro.
8:50 of 2nd period - Shot Blocked by Brock McGinn.
9:28 of 2nd period - Off-side.
9:29 of 2nd period - Jett Jones wins face-off versus Raphael Lavoie in neutral zone.
9:39 of 2nd period - Icing by Caleb Jones.
9:40 of 2nd period - Raphael Lavoie wins face-off versus Cooper Walker in Silver Tips zone.
9:57 of 2nd period - Yegor Zamula is hit by Eetu Liukas and loses puck.
10:13 of 2nd period - Minor Penalty to Caleb Jones for Tripping.
10:14 of 2nd period - Dmitri Voronkov wins face-off versus Dylan Holloway in Silver Tips zone.
10:15 of 2nd period - Shot by Pavol Regenda.
10:15 of 2nd period - Shot Misses the Net.
10:17 of 2nd period - Shot by Brandon Biro.
10:17 of 2nd period - Goal by Brandon Biro - Silver Tips : 2 - Colorado : 2.
10:18 of 2nd period - John Stevens wins face-off versus Nathan Todd in neutral zone.
10:18 of 2nd period - Michael Callahan is hit by Nathan Todd and loses puck.
10:25 of 2nd period - Shot by Taro Hirose.
10:25 of 2nd period - Shot Misses the Net.
10:27 of 2nd period - Shot by Ryan Sandelin.
10:27 of 2nd period - Goal by Ryan Sandelin - Silver Tips : 2 - Colorado : 3.
10:28 of 2nd period - Dylan Holloway wins face-off versus Brandon Biro in neutral zone.
10:40 of 2nd period - Shot by Brock McGinn.
10:40 of 2nd period - Shot Misses the Net.
10:42 of 2nd period - Shot by Brock McGinn.
10:42 of 2nd period - Shot Misses the Net.
10:52 of 2nd period - Shot by Dylan Holloway.
10:52 of 2nd period - Shot Misses the Net.
12:05 of 2nd period - Icing by Yegor Zamula.
12:06 of 2nd period - John Stevens wins face-off versus Raphael Lavoie in Silver Tips zone.
12:14 of 2nd period - Shot by John Stevens.
12:14 of 2nd period - Stopped by Joel Hofer without a rebound.
12:15 of 2nd period - Dylan Holloway wins face-off versus John Stevens in Silver Tips zone.
12:32 of 2nd period - Shot by Taro Hirose.
12:32 of 2nd period - Stopped by Joel Hofer without a rebound.
12:33 of 2nd period - Raphael Lavoie wins face-off versus Cooper Walker in Silver Tips zone.
13:02 of 2nd period - Shot by Filip Cederqvist.
13:02 of 2nd period - Stopped by Joel Hofer with a rebound.
13:04 of 2nd period - Shot by Cooper Walker.
13:04 of 2nd period - Shot Misses the Net.
13:19 of 2nd period - Taro Hirose is hit by Caleb Jones and loses puck.
13:26 of 2nd period - Shot by Ryan Sandelin.
13:26 of 2nd period - Shot Hit the Post.
13:28 of 2nd period - Shot by Michael Callahan.
13:28 of 2nd period - Stopped by Joel Hofer with a rebound.
13:30 of 2nd period - Shot by John Stevens.
13:30 of 2nd period - Deflect By Taro Hirose.
13:30 of 2nd period - Stopped by Joel Hofer without a rebound.
13:31 of 2nd period - Dmitri Voronkov wins face-off versus Juuso Parssinen in Silver Tips zone.
13:49 of 2nd period - Juuso Parssinen is hit by Brayden Pachal and loses puck.
13:57 of 2nd period - Icing by Pavol Regenda.
13:58 of 2nd period - Dmitri Voronkov wins face-off versus Dylan Holloway in Colorado zone.
14:11 of 2nd period - Shot by Brayden Pachal.
14:11 of 2nd period - Stopped by Joel Hofer with a rebound.
14:13 of 2nd period - Shot by Brayden Pachal.
14:13 of 2nd period - Shot Misses the Net.
15:01 of 2nd period - Shot by Nathan Todd.
15:01 of 2nd period - Stopped by Henrik Tikkanen without a rebound.
15:02 of 2nd period - Raphael Lavoie wins face-off versus John Stevens in Colorado zone.
15:26 of 2nd period - Shot by Ryan Sandelin.
15:26 of 2nd period - Stopped by Joel Hofer with a rebound.
15:28 of 2nd period - Shot by Michael Callahan.
15:28 of 2nd period - Stopped by Joel Hofer without a rebound.
15:29 of 2nd period - Juuso Parssinen wins face-off versus Dmitri Voronkov in Silver Tips zone.
17:21 of 2nd period - Shot by Raphael Lavoie.
17:21 of 2nd period - Shot Misses the Net.
17:23 of 2nd period - Shot by Samuel Fagemo.
17:23 of 2nd period - Deflect By Raphael Lavoie.
17:23 of 2nd period - Stopped by Henrik Tikkanen with a rebound.
17:25 of 2nd period - Shot by Yegor Zamula.
17:25 of 2nd period - Shot Misses the Net.
17:27 of 2nd period - Shot by Yegor Zamula.
17:27 of 2nd period - Goal by Yegor Zamula - Silver Tips : 3 - Colorado : 3.
17:28 of 2nd period - Nathan Todd wins face-off versus John Stevens in neutral zone.
17:28 of 2nd period - Nathan Todd is hit by John Stevens.
17:31 of 2nd period - Minor Penalty to John Stevens for Hooking.
17:32 of 2nd period - Dmitri Voronkov wins face-off versus Juuso Parssinen in Colorado zone.
17:40 of 2nd period - Icing by Kailer Yamamoto.
17:41 of 2nd period - Samuel Fagemo wins face-off versus Dmitri Voronkov in Silver Tips zone.
18:10 of 2nd period - Shot by Kailer Yamamoto.
18:10 of 2nd period - Shot Hit the Post.
18:12 of 2nd period - Shot by Juuso Parssinen.
18:12 of 2nd period - Deflect By Kailer Yamamoto.
18:12 of 2nd period - The goal is going for a video replay.
18:12 of 2nd period - The goal is refused.
18:13 of 2nd period - Dmitri Voronkov wins face-off versus Dylan Holloway in Colorado zone.
18:22 of 2nd period - Ethan Samson is hit by Elmer Soderblom and loses puck.
18:43 of 2nd period - Icing by Caleb Jones.
18:44 of 2nd period - Dylan Holloway wins face-off versus Dmitri Voronkov in Silver Tips zone.
18:53 of 2nd period - Shot by Brock McGinn.
18:53 of 2nd period - Stopped by Henrik Tikkanen without a rebound.
18:54 of 2nd period - Brandon Biro wins face-off versus Samuel Fagemo in Colorado zone.
18:54 of 2nd period - Brandon Biro is hit by Kailer Yamamoto.
19:31 of 2nd period - Shot by Kailer Yamamoto.
19:31 of 2nd period - Stopped by Henrik Tikkanen without a rebound.
19:32 of 2nd period - Jett Jones wins face-off versus Dylan Holloway in Colorado zone.
19:40 of 2nd period - Icing by Dylan Holloway.
19:41 of 2nd period - Cooper Walker wins face-off versus Dylan Holloway in Silver Tips zone.
19:57 of 2nd period - Icing by Jeremy Davies.
19:58 of 2nd period - John Stevens wins face-off versus Dylan Holloway in Silver Tips zone.
19:59 of 2nd period - Shot by Ryan Sandelin.
19:59 of 2nd period - Shot Misses the Net.
Goals for this period are 2 for Silver Tips vs 3 for Colorado.
Shots for this period are 9 for Silver Tips vs 14 for Colorado.
3rd period
0:01 of 3rd period - Jett Jones wins face-off versus Nathan Todd in neutral zone.
0:03 of 3rd period - Ryan Shea is hit by Erik Gustafsson.
0:15 of 3rd period - Ryan Shea is hit by Nathan Todd and loses puck.
0:35 of 3rd period - Nathan Todd is hit by Maxwell Crozier and loses puck.
1:11 of 3rd period - Icing by David Jiricek.
1:12 of 3rd period - Dmitri Voronkov wins face-off versus Dylan Holloway in Silver Tips zone.
2:01 of 3rd period - Shot by Caleb Jones.
2:01 of 3rd period - Shot Misses the Net.
2:03 of 3rd period - Shot by Raphael Lavoie.
2:03 of 3rd period - Shot Misses the Net.
2:05 of 3rd period - Shot by Samuel Fagemo.
2:05 of 3rd period - Stopped by Henrik Tikkanen with a rebound.
2:07 of 3rd period - Shot by Samuel Fagemo.
2:07 of 3rd period - Stopped by Henrik Tikkanen with a rebound.
2:42 of 3rd period - Shot by Kailer Yamamoto.
2:42 of 3rd period - Stopped by Henrik Tikkanen without a rebound.
2:43 of 3rd period - Jett Jones wins face-off versus Dylan Holloway in Colorado zone.
2:43 of 3rd period - Jett Jones is hit by Elmer Soderblom.
3:24 of 3rd period - Icing by David Jiricek.
3:25 of 3rd period - John Stevens wins face-off versus Dylan Holloway in Silver Tips zone.
3:32 of 3rd period - Shot by Ryan Sandelin.
3:32 of 3rd period - Shot Misses the Net.
3:34 of 3rd period - Shot by Taro Hirose.
3:34 of 3rd period - Stopped by Joel Hofer with a rebound.
3:38 of 3rd period - Shot by John Stevens.
3:38 of 3rd period - Shot Misses the Net.
3:40 of 3rd period - Shot by John Stevens.
3:40 of 3rd period - Shot Misses the Net.
3:53 of 3rd period - Shot by Ethan Samson.
3:53 of 3rd period - Shot Misses the Net.
3:55 of 3rd period - Shot by Taro Hirose.
3:55 of 3rd period - Shot Misses the Net.
4:23 of 3rd period - Icing by Marc Staal.
4:24 of 3rd period - Jett Jones wins face-off versus Juuso Parssinen in Silver Tips zone.
4:25 of 3rd period - Shot by Axel Jonsson-Fjallby.
4:25 of 3rd period - Shot Misses the Net.
4:27 of 3rd period - Shot by Ethan Samson.
4:27 of 3rd period - Shot Misses the Net.
4:31 of 3rd period - Shot by Filip Cederqvist.
4:31 of 3rd period - Shot Misses the Net.
4:33 of 3rd period - Shot by Jett Jones.
4:33 of 3rd period - Shot Blocked by Marc Staal.
4:42 of 3rd period - Axel Jonsson-Fjallby is hit by Erik Gustafsson and loses puck.
4:48 of 3rd period - Jett Jones is hit by Marc Staal and loses puck.
5:49 of 3rd period - Minor Penalty to Kailer Yamamoto for Holding.
5:50 of 3rd period - Adam Cracknell wins face-off versus John Stevens in Silver Tips zone.
5:50 of 3rd period - Adam Cracknell is hit by Taro Hirose.
6:37 of 3rd period - Michael Callahan is hit by Jeremy Davies and loses puck.
6:47 of 3rd period - Icing by Ryan Sandelin.
6:48 of 3rd period - Dylan Holloway wins face-off versus John Stevens in Colorado zone.
6:52 of 3rd period - Dylan Holloway is hit by Michael Callahan.
6:58 of 3rd period - Shot by Juuso Parssinen.
6:58 of 3rd period - Shot Misses the Net.
7:00 of 3rd period - Shot by Caleb Jones.
7:00 of 3rd period - Stopped by Henrik Tikkanen without a rebound.
7:01 of 3rd period - Dmitri Voronkov wins face-off versus Raphael Lavoie in Colorado zone.
7:28 of 3rd period - Shot by Pavol Regenda.
7:28 of 3rd period - Stopped by Joel Hofer without a rebound.
7:29 of 3rd period - Dylan Holloway wins face-off versus Pavol Regenda in Silver Tips zone.
7:39 of 3rd period - Off-side.
7:40 of 3rd period - Raphael Lavoie wins face-off versus John Stevens in neutral zone.
7:51 of 3rd period - Shot by Ryan Shea.
7:51 of 3rd period - Shot Misses the Net.
8:00 of 3rd period - Icing by David Jiricek.
8:01 of 3rd period - Nathan Todd wins face-off versus Jett Jones in Silver Tips zone.
8:16 of 3rd period - Shot by Nathan Todd.
8:16 of 3rd period - Stopped by Henrik Tikkanen without a rebound.
8:17 of 3rd period - Dmitri Voronkov wins face-off versus Raphael Lavoie in Colorado zone.
8:27 of 3rd period - Double Minor Penalty to Raphael Lavoie for High sticking.
8:28 of 3rd period - John Stevens wins face-off versus Dylan Holloway in Silver Tips zone.
8:53 of 3rd period - Shot by Ryan Shea.
8:53 of 3rd period - Shot Misses the Net.
8:55 of 3rd period - Shot by Ryan Shea.
8:55 of 3rd period - Stopped by Joel Hofer without a rebound.
8:56 of 3rd period - Brandon Biro wins face-off versus Dylan Holloway in Silver Tips zone.
9:08 of 3rd period - Icing by Pavol Regenda.
9:09 of 3rd period - Dmitri Voronkov wins face-off versus Dylan Holloway in Colorado zone.
9:09 of 3rd period - Dmitri Voronkov is hit by Dylan Holloway.
9:43 of 3rd period - Kailer Yamamoto is hit by Dmitri Voronkov and loses puck.
9:54 of 3rd period - Shot by Maxwell Crozier.
9:54 of 3rd period - Stopped by Joel Hofer without a rebound.
9:55 of 3rd period - John Stevens wins face-off versus Kailer Yamamoto in Silver Tips zone.
10:08 of 3rd period - Shot by Maxwell Crozier.
10:08 of 3rd period - Deflect By Taro Hirose.
10:08 of 3rd period - Shot Misses the Net.
10:10 of 3rd period - Shot by Ryan Shea.
10:10 of 3rd period - Shot Misses the Net.
10:18 of 3rd period - Shot by Ryan Sandelin.
10:18 of 3rd period - Deflect By Taro Hirose.
10:18 of 3rd period - Stopped by Joel Hofer without a rebound.
10:19 of 3rd period - Dmitri Voronkov wins face-off versus Kailer Yamamoto in Silver Tips zone.
11:45 of 3rd period - Shot by Brayden Pachal.
11:45 of 3rd period - Goal by Brayden Pachal - Silver Tips : 3 - Colorado : 4.
11:46 of 3rd period - Chase De Leo wins face-off versus Eetu Liukas in neutral zone.
12:05 of 3rd period - Icing by David Jiricek.
12:06 of 3rd period - Jett Jones wins face-off versus Raphael Lavoie in Silver Tips zone.
12:22 of 3rd period - Off-side.
12:23 of 3rd period - Nathan Todd wins face-off versus John Stevens in neutral zone.
12:25 of 3rd period - Kailer Yamamoto is hit by Taro Hirose and loses puck.
12:35 of 3rd period - Minor Penalty to Ryan Sandelin for Tripping.
12:36 of 3rd period - Dmitri Voronkov wins face-off versus Dylan Holloway in Colorado zone.
12:53 of 3rd period - Dylan Holloway is hit by Michael Callahan and loses puck.
14:04 of 3rd period - Shot by Filip Cederqvist.
14:04 of 3rd period - Shot Misses the Net.
14:55 of 3rd period - Minor Penalty to Brayden Pachal for Tripping.
14:56 of 3rd period - Dmitri Voronkov wins face-off versus Dylan Holloway in Colorado zone.
15:09 of 3rd period - Dmitri Voronkov is hit by Elmer Soderblom and loses puck.
15:49 of 3rd period - Filip Cederqvist is hit by Samuel Fagemo and loses puck.
15:54 of 3rd period - Shot by Juuso Parssinen.
15:54 of 3rd period - Shot Blocked by Ethan Samson.
15:56 of 3rd period - Shot by Caleb Jones.
15:56 of 3rd period - Shot Blocked by Ethan Samson.
15:58 of 3rd period - Shot by Caleb Jones.
15:58 of 3rd period - Shot Blocked by Michael Callahan.
16:00 of 3rd period - Shot by Juuso Parssinen.
16:00 of 3rd period - Shot Blocked by Filip Cederqvist.
16:49 of 3rd period - Icing by Jeremy Davies.
16:50 of 3rd period - Dylan Holloway wins face-off versus Brandon Biro in Silver Tips zone.
17:02 of 3rd period - David Jiricek is hit by John Stevens and loses puck.
17:18 of 3rd period - Shot by Brayden Pachal.
17:18 of 3rd period - Stopped by Joel Hofer with a rebound.
17:20 of 3rd period - Shot by Taro Hirose.
17:20 of 3rd period - Shot Misses the Net.
17:52 of 3rd period - Shot by Kailer Yamamoto.
17:52 of 3rd period - Goal by Kailer Yamamoto - Silver Tips : 4 - Colorado : 4.
17:53 of 3rd period - Dmitri Voronkov wins face-off versus Juuso Parssinen in neutral zone.
18:31 of 3rd period - Raphael Lavoie is hit by Dmitri Voronkov.
19:29 of 3rd period - John Stevens is hit by Jeremy Davies.
19:38 of 3rd period - Shot by John Stevens.
19:38 of 3rd period - Shot Misses the Net.
19:40 of 3rd period - Shot by Ryan Sandelin.
19:40 of 3rd period - Deflect By Taro Hirose.
19:40 of 3rd period - Shot Blocked by Jeremy Davies.
Goals for this period are 1 for Silver Tips vs 1 for Colorado.
Shots for this period are 6 for Silver Tips vs 7 for Colorado.
Overtime #1
0:01 of 1st overtime period - Dmitri Voronkov wins face-off versus Juuso Parssinen in neutral zone.
0:13 of 1st overtime period - Icing by Ryan Shea.
0:14 of 1st overtime period - Dmitri Voronkov wins face-off versus Adam Cracknell in Colorado zone.
0:31 of 1st overtime period - Shot by Dmitri Voronkov.
0:31 of 1st overtime period - Shot Blocked by Erik Gustafsson.
0:41 of 1st overtime period - Shot by Erik Gustafsson.
0:41 of 1st overtime period - Shot Misses the Net.
1:00 of 1st overtime period - Icing by Maxwell Crozier.
1:01 of 1st overtime period - Kailer Yamamoto wins face-off versus Taro Hirose in Colorado zone.
1:58 of 1st overtime period - Shot by Dmitri Voronkov.
1:58 of 1st overtime period - Deflect By Pavol Regenda.
1:58 of 1st overtime period - Shot Misses the Net.
2:04 of 1st overtime period - Shot by Dmitri Voronkov.
2:04 of 1st overtime period - Shot Blocked by Caleb Jones.
3:24 of 1st overtime period - Shot by Elmer Soderblom.
3:24 of 1st overtime period - Goal by Elmer Soderblom - Silver Tips : 5 - Colorado : 4.
Goals for this period are 1 for Silver Tips vs 0 for Colorado.
Shots for this period are 1 for Silver Tips vs 0 for Colorado.
Back to the Top